 Dungeon Crawl Stone Soup version 0.31-a0-230-g09eb5fc4d3 (webtiles) character file.

Game seed: 12143605840081910381

46 qw the Shooter (level 3, -3/29 HPs)
             Began as a Minotaur Hexslinger on July 6, 2023.
             Splashed by a jelly's acid (8 damage)
             ... on level 2 of the Dungeon.
             The game lasted 00:00:26 (1320 turns).

qw the Shooter (Minotaur Hexslinger)                Turns: 1320, Time: 00:00:27

Health: -3/29      AC: -5    Str: 12    XL:     3   Next: 46%
Magic:  3/3        EV: 12    Int: 10    God:
Gold:   45         SH:  0    Dex: 14    Spells: 3/4 levels left

rFire   . . .        Y - +1 sling
rCold   . . .        (no shield)
rNeg    . . .        c - +0 robe
rPois   .            (helmet restricted)
rElec   .            e - +0 cloak
rCorr   .            (no gloves)
SInv    .            (no boots)
Will    .....        (no amulet)
Stlth   +            (no ring)
HPRegen 0.24/turn    (no ring)
MPRegen 0.08/turn

%: no passive effects
@: corroded
A: horns 2, retaliatory headbutt
a: no special abilities


You were on level 2 of the Dungeon.
You visited 1 branch of the dungeon, and saw 2 of its levels.

You collected 71 gold pieces.
You spent 26 gold pieces at shops.


Innate Abilities, Weirdness & Mutations

You have a pair of horns on your head.
You reflexively headbutt those who attack you in melee.


   Skills:
 - Level 2.0 Fighting
 + Level 4.0 Ranged Weapons
 - Level 2.1 Dodging
 - Level 1.0 Spellcasting
 - Level 2.0 Hexes


You had 3 spell levels left.
You knew the following spells:

 Your Spells              Type           Power      Damage    Failure   Level
a - Slow                  Hex            16%        N/A       16%         1

Your spell library contained the following spells:

 Spells                   Type           Power      Damage    Failure   Level
 Inner Flame              Hex/Fire       2%         N/A       56%         3
 Portal Projectile        Hex/Tloc       4%         N/A       56%         3
 Cause Fear               Hex            2%         N/A       83%         4

Inventory:

Hand Weapons
 Y - a +1 sling (weapon)
Armour
 a - a +0 pair of boots
 c - a +0 robe (worn)
 e - a +0 cloak (worn)
Scrolls
 b - a scroll of brand weapon {unknown}
 f - a scroll of immolation {unknown}
 h - a scroll of identify
Potions
 d - a potion of curing
 g - a potion of cancellation {unknown}
 i - a potion of magic {unknown}

Dungeon Overview and Level Annotations

Branches:
Dungeon (2/15)

Altars:

Shops:
D:1 ?


Message History

Enter note:
Enter note: You shoot a sling bullet.
The sling bullet hits the kobold.
You kill the kobold!
Things that are here:
a +0 short sword; a kobold corpse You open the door. 2 endoplasms and a jelly come into view.
The endoplasm quivers.
Found a bat skeleton.
Enter note:
Enter note:
Enter note:
Enter note: The endoplasm hits the toadstool.
An endoplasm comes into view.
The endoplasm quivers.
An endoplasm comes into view.
You shoot a sling bullet. The endoplasm quivers.
The sling bullet hits the jelly.
The jelly is moderately wounded.
The jelly barely misses you.
Something hits the fungus.
The fungus begins to die.
The jelly barely misses you.
Something hits the fungus.
You shoot a sling bullet. The sling bullet hits the jelly!
The jelly is severely wounded.
The jelly hits you. The acid corrodes you!
You are splashed with acid!
You shoot a sling bullet.
The sling bullet hits the jelly but does no damage.
The jelly is severely wounded.
The jelly hits you.
You are splashed with acid!
Something hits the fungus.
The fungus begins to die.
The endoplasm jiggles.
The endoplasm hits the fungus.
Something hits the fungus.
You shoot a sling bullet.
The sling bullet hits the jelly but does no damage.
The jelly is severely wounded.
The jelly hits you. The acid corrodes you!
You are splashed with acid!
You die...

###.....# ########.............7
..'.....# ..>..).....#<........7
###.....#############..........#
#.......................###.##
#....##############..........#
#....# ###### ######.....#
#....# ....JJ# ##########....#
###....#
P%PP.PJ##).....#####.##.
.##....# #@#.......##......
.####'## #.#....)...)..####
.>.%...# #.#........)).#
.../...# #.#'#.....)'.##
.......# #.#.#.....##.# .......#
#)#.#....##### .......#
##.####### .......# ### .......#


You could see a jelly and 2 endoplasms.

Vanquished Creatures
  An adder (D:2)
  A worm (D:2)
  2 dart slugs
  A bat (D:2)
  An endoplasm (D:1)
  A giant cockroach (D:1)
  4 goblins
  4 hobgoblins
  3 quokkas (D:1)
  2 frilled lizards (D:1)
  7 kobolds
  2 rats (D:2)
29 creatures vanquished.

Notes
Turn   | Place    | Note
-------+----------+-------------------------------------------
     0 | D:1      | qw the Minotaur Hexslinger began the quest for the Orb.
     0 | D:1      | Reached XP level 1. HP: 16/16 MP: 1/1
     0 | D:1      | 0 ||| qw: Version: 0.3-a-46-gb1f654a
     0 | D:1      | 0 ||| qw: Game counter: 1727
     0 | D:1      | 0 ||| qw: Melee chars always use a shield: true
     0 | D:1      | 0 ||| qw: God list: Okawaru
     0 | D:1      | 0 ||| qw: Allow faded altars: false
     0 | D:1      | 0 ||| qw: Do Orc after clearing Dungeon:15 true
     0 | D:1      | 0 ||| qw: Do second Lair branch before Depths: true
     0 | D:1      | 0 ||| qw: Lair rune preference: random
     0 | D:1      | 0 ||| qw: Goals: Normal
     0 | D:1      | 0 ||| PLANNING D:1-11
   232 | D:1      | Reached skill level 3 in Ranged Weapons
   232 | D:1      | Reached XP level 2. HP: 18/23 MP: 2/2
   516 | D:1      | Found Qesyrch's Magic Scroll Shop.
   519 | D:1      | 519 ||| SHOPLISTING scroll of enchant armour (97 gold, have
                  | 51).
   519 | D:1      | 519 ||| BUYING scroll of identify (26 gold).
   519 | D:1      | Bought a scroll of identify for 26 gold pieces
   519 | D:1      | 519 ||| SHOPLISTING scroll of identify (26 gold, have 25).
   799 | D:1      | 799 ||| UPGRADING to +0 cloak.
   804 | D:1      | 804 ||| DROPPING ring of magical power.
   805 | D:1      | 805 ||| READING scroll labelled ABIBIXT FOANG.
   806 | D:1      | 806 ||| DRINKING 2 glowing brown potions.
   807 | D:1      | 807 ||| DRINKING 3 cyan potions.
   911 | D:1      | 911 ||| DROPPING scroll of poison.
   912 | D:1      | 912 ||| DROPPING 2 potions of berserk rage.
   949 | D:2      | Reached XP level 3. HP: 19/29 MP: 3/3
  1276 | D:2      | Reached skill level 4 in Ranged Weapons
  1319 | D:2      | HP: 6/29 [acid (11)]
  1320 | D:2      | Splashed by a jelly's acid

Levels and vault maps discovered:
D:1:      minmay_arrival_nine_rooms, layout_basic, serial_shops,
          nicolae_shop_window_shopping, nicolae_eternal_life
D:2:      cheibrodos_fertilizer, layout_basic, serial_shops,
          nicolae_shop_peninsula

Skill      XL: |  1  2  3 |
---------------+----------+-----
Ranged Weapons | 3 4 |  4.0
Fighting       | 2 |  2.0
Dodging        | |  2.1
Spellcasting   | |  1.0
Hexes          | |  2.0

Action                     || total
---------------------------++-------
   Fire: Sling             ||    92
    Use: Potion            ||     2
         Scroll            ||     1
 Armour: Robe              ||     6
  Dodge: Dodged            ||    25

Table legend:
 A = Non-vault XP
 B = Vault XP
 C = Vault XP percentage of total XP
 D = Non-vault monster count
 E = Vault monster count
 F = Vault count percentage of total count
                 A         B        C        D         E       F
            +---------+---------+-------+---------+---------+-------
      Total |      59 |       8 |  11.9 |      23 |       6 |  20.7
            +---------+---------+-------+---------+---------+-------
        D:1 |      26 |       0 |   0.0 |      14 |       0 |   0.0
        D:2 |      33 |       8 |  19.5 |       9 |       6 |  40.0
            +---------+---------+-------+---------+---------+-------
